 Dungeon Crawl Stone Soup version 0.27.0-1-g7a089689b8 (webtiles) character file.

Game seed: 1688487133475545138

44 Descartes the Shield-Bearer (level 3, 0/29 HPs)
             Began as a Formicid Fighter on Aug 16, 2021.
             Succumbed to an adder's poison
             ... on level 2 of the Dungeon.
             The game lasted 00:01:17 (1537 turns).

Descartes the Shield-Bearer (Formicid Fighter)      Turns: 1537, Time: 00:01:17

Health: 0/29       AC:  6    Str: 20    XL:     3   Next: 87%
Magic:  3/3        EV:  8    Int:  7    God:
Gold:   31         SH: 10    Dex: 11    Spells: 2/2 levels left

rFire    . . .     SeeInvis +   a - +0 war axe
rCold    . . .     Faith    .   c - +0 kite shield
rNeg     . . .     Spirit   .   b - +0 scale mail
rPois    .         Reflect  .   (helmet unavailable)
rElec    .         Harm     .   (no cloak)
rCorr    .         Rampage  .   (no gloves)
Will     .....                  (no boots)
Stlth    ..........             (no amulet)
HPRegen  0.09/turn              (no ring)
MPRegen  0.08/turn              (no ring)

@: lethally poisoned (0 -> -8)
A: permanent stasis, dig shafts and tunnels, antennae 3, four strong arms
a: Dig, Shaft Self


You were on level 2 of the Dungeon.
You visited 1 branch of the dungeon, and saw 2 of its levels.

You collected 31 gold pieces.

Inventory:

Hand Weapons
 a - a +0 war axe (weapon)
Armour
 b - a +0 scale mail (worn)
 c - a +0 kite shield (worn)
Scrolls
 e - 2 scrolls of acquirement {unknown}
Potions
 d - 3 potions of might


   Skills:
 - Level 3.2 Fighting
 - Level 2.0 Axes
 - Level 3.2 Armour
 + Level 5.4 Shields


You had 2 spell levels left.
You didn't know any spells.
Your spell library contained the following spells:

 Spells                   Type           Power      Damage    Failure   Level
 Ignite Poison            Fire/Tmut/Pois 0%         N/A       100%        3
 Mephitic Cloud           Conj/Pois/Air  0%         N/A       100%        3
 Bolt of Magma            Conj/Fire/Erth 0%         4d4       100%        5


Dungeon Overview and Level Annotations

Branches:
Dungeon (2/15)

Altars:
Nemelex Xobeh


Innate Abilities, Weirdness & Mutations

You cannot be hasted, slowed, berserked, paralysed or teleported.
You can dig through walls and to a lower floor.
You have a pair of large antennae on your head. (SInv)
Your four strong arms can wield two-handed weapons with a shield.


Message History

The adder bites you. You block the adder's attack.
You barely miss the adder.
The adder is almost dead.
The adder bites you but does no damage. You block the adder's attack.
You closely miss the adder.
The adder is almost dead.
The adder bites you.
You are poisoned.
The adder poisons you! You block the adder's attack.
You barely miss the adder.
The adder is almost dead.
You feel very sick. The adder bites you.
You are more poisoned.
The adder poisons you! You block the adder's attack.
You barely miss the adder.
The adder is almost dead.
You feel very sick. The adder bites you.
You are lethally poisoned!
The adder poisons you! The adder closely misses you.
You are too injured to fight recklessly!
You are too injured to fight recklessly!
You are too injured to fight recklessly!
You are too injured to fight recklessly!
You are too injured to fight recklessly!
There is a lethal amount of poison in your body!
You hit the adder but do no damage.
The adder is almost dead.
* * * LOW HITPOINT WARNING * * *
You feel very sick. You block the adder's attack.
The adder bites you but does no damage.
You closely miss the adder.
The adder is almost dead.
* * * LOW HITPOINT WARNING * * *
You feel very sick. You block the adder's attack. x2
You slash the adder!
You kill the adder!
You die...

######## #......#
###############......##
..............'.@.....#
###############.......#
#........# #....$.#.#
######## # ###


There were no monsters in sight!

Vanquished Creatures
  An adder (D:2)
  A dart slug (D:1)
  3 bats
  5 endoplasms (D:1)
  A giant cockroach (D:1)
  4 goblins (D:1)
  3 hobgoblins (D:1)
  6 jackals (D:1)
  2 quokkas (D:1)
  5 ball pythons
  3 kobolds (D:1)
  5 rats
39 creatures vanquished.

Notes
Turn   | Place    | Note
-------+----------+-------------------------------------------
     0 | D:1      | Descartes the Formicid Fighter began the quest for the Orb.
     0 | D:1      | Reached XP level 1. HP: 18/18 MP: 1/1
   214 | D:1      | Reached skill level 4 in Shields
   559 | D:1      | Reached XP level 2. HP: 24/24 MP: 2/2
   604 | D:1      | Reached XP level 3. HP: 23/29 MP: 3/3
   698 | D:1      | Reached skill level 5 in Shields
  1416 | D:2      | Found a sparkling altar of Nemelex Xobeh.
  1536 | D:2      | HP: 1/29 [poisoned by an adder]
  1537 | D:2      | Succumbed to an adder's poison

Illustrated notes

Levels and vault maps discovered:
D:1:      sevenhm_arrival_forest_fort_small_4, layout_basic
D:2:      layout_basic, basic_altar, hellmonk_ecumenical_altar_heavens_door,
          uniq_terence

Skill      XL: |  1  2  3 |
---------------+----------+-----
Shields        | 4 5 |  5.4
Fighting       | |  3.2
Axes           | |  2.0
Armour         | |  3.2

Action                   || total
-------------------------++-------
Melee: War axe           ||    92
Armor: Scale mail        ||    54
Dodge: Dodged            ||    37
Block: Kite shield       ||    78
